 Dungeon Crawl Stone Soup version 0.27.0-1-g7a089689b8 (webtiles) character file.

Game seed: 16627380947157772674

167 BOMJPIETVODKU the Digger (level 5, 0/37 HPs)
             Began as a Gnoll Earth Elementalist on Aug 6, 2021.
             Slain by a gnoll (13 damage)
             ... on level 3 of the Dungeon.
             The game lasted 00:08:06 (3616 turns).

BOMJPIETVODKU the Digger (Gnoll Earth Elementalist) Turns: 3616, Time: 00:08:08

Health: 0/37       AC:  2    Str:  7    XL:     5   Next: 48%
Magic:  4/12       EV: 13    Int: 16    God:
Gold:   100        SH:  0    Dex: 12    Spells: 11/14 levels left

rFire    . . .     SeeInvis .   a - +0 dagger
rCold    . . .     Faith    .   (no shield)
rNeg     . . .     Spirit   .   b - +0 robe
rPois    .         Reflect  .   (no helmet)
rElec    .         Harm     .   (no cloak)
rCorr    .         Rampage  .   (no gloves)
Will     .....                  (no boots)
Stlth    +.........             (no amulet)
HPRegen  0.12/turn              (no ring)
MPRegen  0.13/turn              (no ring)

@: mighty, lit by a corona, glowing
A: fangs 1, strong nose, distributed training
a: no special abilities


You were on level 3 of the Dungeon.
You visited 1 branch of the dungeon, and saw 3 of its levels.

You collected 100 gold pieces.

Inventory:

Hand Weapons
 a - a +0 dagger (weapon)
Missiles
 c - 29 stones
 j - a throwing net
Armour
 b - a +0 robe (worn)
Scrolls
 f - a scroll of amnesia {unknown}
 g - a scroll of enchant weapon {unknown}
 h - a scroll of acquirement {unknown}
 k - a scroll of identify {unknown}
Potions
 d - 3 potions of might
 e - a potion of flight {unknown}
 i - a potion of cancellation {unknown}


   Skills:
 + Level 1.5 Fighting
 + Level 1.5 Short Blades
 + Level 1.5 Long Blades
 + Level 1.5 Axes
 + Level 1.5 Maces & Flails
 + Level 1.5 Polearms
 + Level 1.5 Staves
 + Level 1.5 Slings
 + Level 1.5 Bows
 + Level 1.5 Crossbows
 + Level 1.5 Throwing
 + Level 1.5 Armour
 + Level 4.8 Dodging
 + Level 4.4 Stealth
 + Level 1.5 Shields
 + Level 1.5 Unarmed Combat
 + Level 5.2 Spellcasting
 + Level 1.2 Conjurations
 + Level 1.2 Hexes
 + Level 1.2 Summonings
 + Level 1.2 Necromancy
 + Level 1.2 Translocations
 + Level 2.4 Transmutations
 + Level 1.2 Fire Magic
 + Level 1.2 Ice Magic
 + Level 1.2 Air Magic
 + Level 5.5 Earth Magic
 + Level 1.2 Poison Magic
 + Level 1.7 Invocations
 + Level 1.5 Evocations


You had 11 spell levels left.
You knew the following spells:

 Your Spells              Type           Power      Damage    Failure   Level
a - Sandblast             Erth           44%        2d11      1%          1
b - Passwall              Tmut/Erth      13%        N/A       4%          2

Your spell library contained the following spells:

 Spells                   Type           Power      Damage    Failure   Level
 Foxfire                  Conj/Fire      32%        2x1d5     9%          1
 Stone Arrow              Conj/Erth      30%        3d8       11%         3
 Conjure Flame            Conj/Fire      8%         6-21      26%         3
 Dazzling Flash           Conj/Hex       16%        N/A       26%         3
 Inner Flame              Hex/Fire       8%         N/A       26%         3
 Petrify                  Tmut/Erth      16%        N/A       28%         4
 Animate Dead             Necr           4%         N/A       65%         4
 Summon Lightning Spire   Summ/Air       8%         N/A       65%         4
 Borgnjor's Vile Clutch   Necr/Erth      7%         N/A       71%         5
 Agony                    Necr           8%         N/A       94%         5
 Silence                  Hex/Air        4%         N/A       94%         5
 Death Channel            Necr           4%         N/A       100%        6
 Storm Form               Tmut/Air       5%         N/A       100%        7
 Maxwell's Capacitive Co  Air            4%         ∞         100%        8


Dungeon Overview and Level Annotations

Branches:
Dungeon (3/15)

Altars:


Innate Abilities, Weirdness & Mutations

You have very sharp teeth.
Your uncanny sense of smell can sniff out nearby items.
Your experience applies equally to all skills.


Message History

A gnoll comes into view. It is wielding a +0 hand axe.
You see here a +0 ring mail.
You can't see any susceptible monsters within range! (Use Z to cast anyway.)
Things that are here:
a +0 whip; 21 stones; a gnoll corpse The blast of sand hits the gnoll shaman!
The gnoll shaman is heavily wounded.
The gnoll shouts! x2; You hear a shout!
The gnoll shaman calls upon its god to speed up the gnoll.
The gnoll seems to speed up.
The blast of sand hits the gnoll shaman but does no damage.
The gnoll shaman is heavily wounded.
The gnoll shaman invokes the aid of its god against you.
You are outlined in light.
The blast of sand hits the gnoll shaman.
The gnoll shaman is severely wounded.
The gnoll barely misses you. The gnoll misses you.
The blast of sand hits the gnoll shaman.
The gnoll shaman is severely wounded.
The gnoll shaman hits you with a +0 short sword.
The gnoll misses you.
The blast of sand hits the gnoll shaman.
You kill the gnoll shaman!
The gnoll closely misses you. The gnoll misses you.
A dart slug comes into view.
The blast of sand hits the gnoll!
The gnoll is severely wounded.
The gnoll misses you. The gnoll barely misses you.
The blast of sand hits the gnoll!
You kill the gnoll!
The gnoll misses you.
The gnoll hits you from afar with a +0 halberd!
You are too injured to fight recklessly!
You are too injured to fight recklessly!
You are too injured to fight recklessly!
It was a potion of might.
You feel very mighty all of a sudden. The gnoll barely misses you.
The gnoll barely misses you. The gnoll hits you with a +0 halberd!
You die...

#.## ...# .....
..... ......
#############.[....
............>.#w..#
##...[)@g.....#
#†#####..##..# #.#
..# . #.# ..#
##.#####..#
#.....[...#
#..######.. #..# ##
#..#


You could see a gnoll (fast) and a dart slug.

Vanquished Creatures
  A gnoll shaman (D:3)
  5 gnolls
  An adder (D:2)
  5 dart slugs
  4 ball pythons
  3 endoplasms
  2 giant cockroaches (D:2)
  7 goblins
  7 hobgoblins
  9 jackals (D:1)
  6 kobolds
  3 quokkas
  5 bats
  4 frilled lizards (D:1)
  4 rats
66 creatures vanquished.

Notes
Turn   | Place    | Note
-------+----------+-------------------------------------------
     0 | D:1      | BOMJPIETVODKU the Gnoll Earth Elementalist began the quest
                  | for the Orb.
     0 | D:1      | Reached XP level 1. HP: 13/13 MP: 6/6
    67 | D:1      | Reached XP level 2. HP: 14/19 MP: 0/7
   659 | D:1      | Reached XP level 3. HP: 15/25 MP: 7/9
   663 | D:1      | Reached skill level 5 in Spellcasting
   887 | D:1      | Reached skill level 1 in Invocations
  1242 | D:1      | Found a faded altar of an unknown god.
  1551 | D:1      | Learned a level 2 spell: Passwall
  1752 | D:1      | Reached skill level 1 in Fighting
  1752 | D:1      | Reached skill level 1 in Short Blades
  1752 | D:1      | Reached skill level 1 in Long Blades
  1752 | D:1      | Reached skill level 1 in Axes
  1752 | D:1      | Reached skill level 1 in Maces & Flails
  1752 | D:1      | Reached skill level 1 in Polearms
  1752 | D:1      | Reached skill level 1 in Staves
  1752 | D:1      | Reached skill level 1 in Slings
  1752 | D:1      | Reached skill level 1 in Bows
  1752 | D:1      | Reached skill level 1 in Crossbows
  1752 | D:1      | Reached skill level 1 in Throwing
  1752 | D:1      | Reached skill level 1 in Armour
  1752 | D:1      | Reached skill level 1 in Shields
  1752 | D:1      | Reached skill level 1 in Unarmed Combat
  1752 | D:1      | Reached skill level 1 in Evocations
  2294 | D:2      | Reached XP level 4. HP: 27/32 MP: 8/11
  2790 | D:2      | Reached skill level 1 in Conjurations
  2790 | D:2      | Reached skill level 1 in Hexes
  2790 | D:2      | Reached skill level 1 in Summonings
  2790 | D:2      | Reached skill level 1 in Necromancy
  2790 | D:2      | Reached skill level 1 in Translocations
  2790 | D:2      | Reached skill level 1 in Fire Magic
  2790 | D:2      | Reached skill level 1 in Ice Magic
  2790 | D:2      | Reached skill level 1 in Air Magic
  2790 | D:2      | Reached skill level 1 in Poison Magic
  3343 | D:2      | Reached XP level 5. HP: 33/37 MP: 12/12
  3616 | D:3      | Slain by a gnoll

Illustrated notes

Levels and vault maps discovered:
D:1:      lightli_arrival_maybe_door_vault, layout_loops_ring,
          shapermc_ecumenical_altar_mp_vishouse, minmay_misc_feat_square,
          chequers_serial_rivers_large_b, st_stairs_10,
          wander_ebering_terrifying_dragon_lair
D:2:      layout_loops_cross
D:3:      layout_loops_ring, mainiacjoe_overflow_boulevard, lemuel_doored_altar

Skill      XL: |  1  2  3  4 |
---------------+-------------+-----
Transmutations | 2 |  2.4
Spellcasting   | 5 |  5.2
Invocations    | 1 |  1.7
Fighting       | 1 |  1.5
Short Blades   | 1 |  1.5
Long Blades    | 1 |  1.5
Axes           | 1 |  1.5
Maces & Flails | 1 |  1.5
Polearms       | 1 |  1.5
Staves         | 1 |  1.5
Slings         | 1 |  1.5
Bows           | 1 |  1.5
Crossbows      | 1 |  1.5
Throwing       | 1 |  1.5
Armour         | 1 |  1.5
Shields        | 1 |  1.5
Unarmed Combat | 1 |  1.5
Evocations     | 1 |  1.5
Conjurations   | 1 |  1.2
Hexes          | 1 |  1.2
Summonings     | 1 |  1.2
Necromancy     | 1 |  1.2
Translocations | 1 |  1.2
Fire Magic     | 1 |  1.2
Ice Magic      | 1 |  1.2
Air Magic      | 1 |  1.2
Poison Magic   | 1 |  1.2
Dodging        | |  4.8
Stealth        | |  4.4
Earth Magic    | |  5.5

Action                   |  1- 3 |  4- 6 || total
-------------------------+-------+-------++-------
Melee: Unarmed           |     9 |       ||     9
       Bite              |     6 |     4 ||    10
       Dagger            |   115 |    87 ||   202
 Cast: Sandblast         |    32 |    28 ||    60
       Passwall          |     1 |       ||     1
  Use: Potion            |       |     1 ||     1
 Stab: Sleeping          |     7 |       ||     7
Armor: Robe              |    35 |    16 ||    51
Dodge: Dodged            |    99 |    63 ||   162
